 Dungeon Crawl Stone Soup version 0.26-a0-1040-gbe3abf3417 (webtiles) character file.

Game seed: 5969030471480721686

16749 tzalcoatl the Slinger (level 12, 0/85 HPs)
             Began as a Halfling Abyssal Knight on Dec 11, 2020.
             Was an Elder of Lugonu.
             Slain by a blink frog (10 damage)
             ... on level 3 of the Lair of Beasts on Dec 12, 2020.
             The game lasted 01:40:39 (21614 turns).

tzalcoatl the Slinger (Halfling Abyssal Knight)    Turns: 21614, Time: 01:40:39

Health: 0/85       AC: 11    Str: 23    XL:     12   Next: 74%
Magic:  12/20      EV: 19    Int: 10    God:    Lugonu [****..]
Gold:   665        SH:  7    Dex: 21    Spells: 2/11 levels left

rFire    + . .     SeeInvis .   a - +0 hunting sling
rCold    + . .     Faith    +   Y - +0 buckler
rNeg     . . .     Spirit   .   k - +4 scale mail
rPois    .         Reflect  .   (no helmet)
rElec    .         Harm     .   i - scarf {rC+ rF+}
rCorr    .         Rampage  .   E - +0 pair of gloves
Will     .....                  (no boots)
Stlth    ++........             F - amulet of faith
HPRegen  0.24/turn              U - +6 ring of strength
MPRegen  0.17/turn              N - +6 ring of dexterity

@: no status effects
A: small, mutation resistance 1
a: Depart the Abyss, Bend Space, Banish, Corrupt, Renounce Religion


You were on level 3 of the Lair of Beasts.
You worshipped Lugonu.
Lugonu was greatly pleased with you.
You visited 3 branches of the dungeon, and saw 14 of its levels.
You visited the Abyss 1 time.
You also visited: Sewer.

You collected 665 gold pieces.

Inventory:

Hand Weapons
 a - a +0 hunting sling (weapon)
 b - a +3 dagger of electrocution
 c - the cursed +0 rapier of the Unspeakable One {vorpal, rF+ MP+9 Stlth+}
   (You took it off an orc on level 5 of the Dungeon)

   It inflicts extra damage upon your enemies.
   It protects you from fire.
   It affects your magic capacity (+9).
   It makes you more stealthy.
   It has a curse placed upon it.
Missiles
 f - 456 stones (quivered ammo)
 m - 18 sling bullets
 u - 3 datura-tipped darts
 P - 4 curare-tipped darts
Armour
 i - a scarf of resistance (worn)
 k - a +4 scale mail (worn)
 E - a +0 pair of gloves (worn)
 M - a +1 ring mail of cold resistance
 R - a +0 chain mail of fire resistance
 S - +0 storm dragon scales
 Y - a +0 buckler (worn)
Jewellery
 h - an uncursed ring of resist corrosion
 p - an uncursed ring of willpower
 q - an uncursed amulet of magic regeneration {unknown}
 w - an uncursed ring of wizardry
 F - an amulet of faith (around neck)
 H - an uncursed amulet of guardian spirit {unknown}
 J - an uncursed amulet of the acrobat {unknown}
 N - a +6 ring of dexterity (right hand)
 U - a +6 ring of strength (left hand)
 Z - an uncursed amulet of regeneration {unknown}
Wands
 G - a wand of acid (4)
 I - a wand of paralysis (12)
Scrolls
 e - 2 scrolls of magic mapping {unknown}
 g - a scroll of enchant weapon
 j - 5 scrolls of remove curse
 o - 3 scrolls of fear
 s - 4 scrolls of blinking
 y - 2 scrolls of random uselessness {unknown}
 B - a scroll of fog {unknown}
 C - 4 scrolls of teleportation {unknown}
 K - a scroll of summoning {unknown}
 L - a scroll of immolation {unknown}
 Q - a scroll of torment {unknown}
 W - a scroll of holy word {unknown}
 X - a scroll of vulnerability {unknown}
Potions
 d - 2 potions of resistance {unknown}
 l - 2 potions of invisibility
 n - 3 potions of heal wounds
 r - 5 potions of might {unknown}
 t - 2 potions of flight
 v - 2 potions of haste {unknown}
 x - a potion of cancellation {unknown}
 z - 2 potions of degeneration {unknown}
 A - 2 potions of curing
 D - a potion of ambrosia {unknown}
 O - a potion of mutation {unknown}
 V - 2 potions of berserk rage {unknown}
Miscellaneous
 T - a condenser vane


   Skills:
 - Level 9.0 Fighting
 * Level 8.5(8.9) Short Blades
 - Level 2.7(5.3) Long Blades
 - Level 12.0(12.1) Slings
 - Level 2.4(6.0) Throwing
 - Level 3.0 Armour
 - Level 8.0 Dodging
 - Level 5.0 Stealth
 + Level 4.3 Shields
 + Level 10.7 Invocations


You had 2 spell levels left.
You knew the following spells:

 Your Spells              Type           Power        Failure   Level
a - Summon Small Mammal   Summ           #...         71%         1
b - Call Imp              Summ           #.......     85%         2
c - Summon Lightning Spi  Summ/Air       #.......     100%        4
d - Swiftness             Air            #.......     85%         2

Your spell library contained the following spells:

 Spells                   Type           Power        Failure   Level
 Sandblast                Erth           #.....       71%         1
 Shock                    Conj/Air       #...         71%         1
 Passwall                 Tmut/Erth      #.......     85%         2
 Call Canine Familiar     Summ           #.......     97%         3
 Static Discharge         Conj/Air       #.......     97%         3
 Stone Arrow              Conj/Erth      #.....       97%         3
 Summon Guardian Golem    Hex/Summ       #.......     97%         3
 Airstrike                Air            #.........   100%        4
 Petrify                  Tmut/Erth      #.......     100%        4
 Summon Ice Beast         Ice/Summ       #.......     100%        4
 Irradiate                Conj/Tmut      #.........   100%        5
 Lee's Rapid Deconstruct  Erth           #.........   100%        5
 Lightning Bolt           Conj/Air       #.........   100%        5
 Silence                  Hex/Air        #.........   100%        5
 Conjure Ball Lightning   Conj/Air       #.........   100%        6
 Hydra Form               Tmut           #.........   100%        6
 Statue Form              Tmut/Erth      #........    100%        6
 Dragon Form              Tmut           #.........   100%        7
 Tornado                  Air            #.........   100%        9


Dungeon Overview and Level Annotations

Branches:
Dungeon (10/15)            Temple (1/1) D:4            Lair (3/6) D:9
  Swamp (0/4) Lair:2       Spider (0/4) Lair:2        Sewer (visited)
    Orc: D:9-12

Altars:
Cheibriados
Dithmenos
Elyvilon
Gozag
Hepliaklqana
Kikubaaqudgha
Nemelex Xobeh
Okawaru
Qazlal
Ru
Sif Muna
Trog
Wu Jian
Xom
Yredelemnul
The Shining One

Annotations:
D:4 1 runed translucent door, HilariousDeathArtist's ghost, amateur GrWn
Abyss:1 Erolcha; Sigmund


Innate Abilities, Weirdness & Mutations

You are small and have problems with some larger weapons.
You are somewhat resistant to further mutation.


Message History

Aim: a blink frog (almost dead)
You shoot a stone.
The stone closely misses the blink frog.
Fire: 458 stones
Press: ? - help, Q - select action, (/) - cycle Shift-Dir - straight line, f/p - blink frog
Aim: a blink frog (almost dead)
You shoot a stone.
The stone closely misses the blink frog.
The blink frog blinks!
Fire: 457 stones
Press: ? - help, Q - select action, (/) - cycle Shift-Dir - straight line, f/p - blink frog
Aim: a blink frog (almost dead)
You shoot a stone.
The stone hits the blink frog but does no damage.
The blink frog is almost dead.
The blink frog misses you.
Press: ? - help, Shift-Dir - straight line, f/p - blink frog
Aim: a blink frog (almost dead, chance to affect: 75%)
The blink frog struggles to resist.
The blink frog hits you!
You die...

#...# ...!..... ..... ##...##
#......P# #.. ##.....# #......#
#.l #......## #......# ##.
+.....#.# ##......# #. #......##
#.......# #. #......# #.(.....##
##. #####.....####
##(..(....######..
.)........(#P###@....((...†#.....
...(...(..((§((§F.......(((†.(...
.######.#####P.#.#..###.####.####
#.## ##P##.### ### ### ### ######


You could see a blink frog.

Vanquished Creatures
  Pikel (D:5)
  3 black mambas
  8 cane toads
  3 komodo dragons
  A troll (D:9)
  3 blink frogs (Lair:3)
  16 yaks
  A basilisk (Lair:1)
  Edmund (D:5)
  4 water moccasins
  Duvessa (D:5)
  Purgy (Sewer)
  An ice beast (D:7)
  3 orc warriors
  2 black bears
  2 sky beasts
  A necrophage (D:9)
  The ghost of IEatYoBabies the Insei, an amateur GnTm (D:3)
  7 wolves
  4 ogres
  8 centaurs
  Blork the orc (D:5)
  16 bullfrogs
  2 big kobolds
  A water moccasin zombie (D:5)
  Dowan (D:5)
  A water moccasin skeleton (D:6)
  6 scorpions
  5 wights
  A howler monkey (D:4)
  2 centaur zombies (D:10)
  3 hounds
  A quasit (D:7)
  A centaur skeleton (D:9)
  5 orc priests
  2 bullfrog skeletons
  4 jellies
  13 orc wizards
  5 iguanas
  Ijyb (D:4)
  3 worker ants
  2 hound zombies (D:7)
  2 hound skeletons
  2 river rats (D:9)
  8 adders
  A shadow imp (D:8)
  2 white imps (D:6)
  2 ufetubi (D:10)
  An ooze (D:3)
  An adder zombie (D:6)
  4 worms
  3 dart slugs (D:1)
  8 leopard geckos
  29 orcs
  3 bat zombies (D:5)
  10 giant cockroaches
  10 goblins
  12 hobgoblins
  16 jackals
  4 quokkas
  3 ball pythons
  9 bats
  5 frilled lizards
  18 kobolds
  2 leopard gecko zombies (D:5)
  4 rats
307 creatures vanquished.

Vanquished Creatures (collateral kills)
  A hell rat (D:9)
  A rat (D:9)
2 creatures vanquished.

Vanquished Creatures (others)
  An ooze (D:3)
  6 fungi
  16 plants
23 creatures vanquished.

Grand Total: 332 creatures vanquished

Notes
Turn   | Place    | Note
-------+----------+-------------------------------------------
     0 | Abyss:1  | tzalcoatl the Halfling Abyssal Knight began the quest for
                  | the Orb.
     0 | Abyss:1  | Reached XP level 1. HP: 15/15 MP: 2/2
    62 | D:1      | Escaped the Abyss
   198 | D:1      | Reached XP level 2. HP: 4/20 MP: 3/3
   868 | D:1      | Reached XP level 3. HP: 26/26 MP: 4/4
  1763 | D:2      | Reached ** piety under Lugonu
  2020 | D:2      | Found a bloodstained altar of Trog.
  2048 | D:2      | Reached XP level 4. HP: 29/31 MP: 5/5
  3004 | D:2      | You fall into a shaft and drop 1 floor!
  3046 | D:3      | Found a glowing golden altar of the Shining One.
  3177 | D:3      | Found a faded altar of an unknown god.
  3283 | D:3      | Reached XP level 5. HP: 32/36 MP: 7/7
  3298 | D:3      | Found a glowing drain.
  3318 | Sewer    | Entered a sewer
  3422 | Sewer    | Noticed Purgy
  3449 | Sewer    | Killed Purgy
  3450 | Sewer    | Reached XP level 6. HP: 30/44 MP: 8/8
  3588 | D:3      | Reached *** piety under Lugonu
  3667 | D:3      | Found a runed translucent door.
  3669 | D:3      | Noticed IEatYoBabies's ghost (amateur GnTm)
  3730 | D:3      | Killed IEatYoBabies's ghost
  4312 | D:4      | Noticed Ijyb
  4339 | D:4      | Killed Ijyb
  4453 | D:4      | Reached skill level 5 in Fighting
  4453 | D:4      | Reached skill level 1 in Slings
  4462 | D:4      | Reached XP level 7. HP: 31/50 MP: 9/9
  4655 | D:4      | Reached skill level 2 in Slings
  4768 | D:4      | Found an iron altar of Okawaru.
  4801 | D:4      | Reached skill level 3 in Slings
  4940 | D:4      | Found a staircase to the Ecumenical Temple.
  4984 | Temple   | Entered the Ecumenical Temple
  5446 | D:4      | Reached skill level 4 in Slings
  5454 | D:4      | Found a runed translucent door.
  5462 | D:4      | Noticed HilariousDeathArtist's ghost (amateur GrWn)
  6398 | D:5      | Entered Level 5 of the Dungeon
  6451 | D:5      | Noticed Blork the orc
  6491 | D:5      | Killed Blork the orc
  6492 | D:5      | Reached skill level 5 in Slings
  6492 | D:5      | Reached XP level 8. HP: 11/55 MP: 11/11
  6996 | D:5      | Reached skill level 6 in Slings
  7101 | D:5      | Identified the cursed +0 rapier of the Unspeakable One
                  | {vorpal, rF+ MP+9 Stlth+}
  7119 | D:5      | Noticed Pikel
  7173 | D:5      | Killed Pikel
  7174 | D:5      | Reached skill level 7 in Slings
  7174 | D:5      | Reached skill level 5 in Dodging
  7174 | D:5      | Reached skill level 5 in Invocations
  7506 | D:5      | Found a sparkling altar of Nemelex Xobeh.
  7655 | D:5      | Reached skill level 8 in Slings
  7772 | D:5      | Noticed Dowan
  7810 | D:5      | Killed Dowan
  7811 | D:5      | Reached XP level 9. HP: 56/61 MP: 13/13
  7848 | D:5      | Noticed Duvessa
  7899 | D:5      | Killed Duvessa
  8262 | D:5      | Found an ancient bone altar of Kikubaaqudgha.
  8365 | D:6      | Noticed Edmund
  8444 | D:5      | Killed Edmund
  8730 | D:6      | Reached skill level 9 in Slings
  8994 | D:6      | Noticed Sigmund
  9019 | D:5      | Banished Sigmund
  9421 | D:6      | Reached skill level 10 in Slings
  9565 | D:6      | Found a snail-covered altar of Cheibriados.
  9881 | D:6      | Found an ornate altar of the Wu Jian Council.
  9984 | D:6      | Reached **** piety under Lugonu
 10500 | D:6      | Reached skill level 11 in Slings
 10828 | D:7      | Reached XP level 10. HP: 66/66 MP: 15/15
 11464 | D:7      | Found a white marble altar of Elyvilon.
 11524 | D:7      | Found a sacrificial altar of Ru.
 11772 | D:7      | Found a basalt altar of Yredelemnul.
 11772 | D:7      | Found a shadowy altar of Dithmenos.
 12131 | D:8      | Noticed a two-headed ogre
 12211 | D:7      | Reached skill level 12 in Slings
 12302 | D:8      | Banished a two-headed ogre
 12303 | D:8      | Reached skill level 1 in Short Blades
 12655 | D:8      | Found a shimmering altar of Xom.
 12929 | D:8      | Found a stormy altar of Qazlal.
 13018 | D:8      | Found a shimmering blue altar of Sif Muna.
 13091 | D:9      | Noticed a death yak
 13534 | D:9      | Noticed a death yak
 13534 | D:9      | Noticed a death yak
 13869 | D:9      | Noticed Erolcha
 13872 | D:9      | Banished Erolcha
 13873 | D:9      | Reached skill level 1 in Stealth
 13887 | D:9      | Reached XP level 11. HP: 63/74 MP: 14/17
 14031 | D:9      | Found a staircase to the Lair.
 15260 | D:9      | Learned a level 1 spell: Summon Small Mammal
 15263 | D:9      | Learned a level 2 spell: Call Imp
 15268 | D:9      | Learned a level 4 spell: Summon Lightning Spire
 15554 | D:10     | Entered Level 10 of the Dungeon
 16669 | D:10     | Learned a level 2 spell: Swiftness
 17146 | Lair:1   | Entered Level 1 of the Lair of Beasts
 17748 | Lair:1   | Reached skill level 5 in Stealth
 18593 | Lair:1   | Reached XP level 12. HP: 74/85 MP: 19/19
 18769 | Lair:1   | Found a shimmering altar of Xom.
 19278 | Lair:1   | Reached skill level 5 in Short Blades
 19278 | Lair:1   | Reached skill level 1 in Shields
 19542 | Lair:2   | Noticed a six-headed hydra
 19545 | Lair:2   | Banished a six-headed hydra
 19546 | Lair:2   | Reached skill level 10 in Invocations
 20330 | Lair:2   | Found a staircase to the Swamp.
 20569 | Lair:2   | Found a hole to the Spider Nest.
 21346 | Lair:2   | Upgraded the game from 0.26-a0-1033-gd598b01645 to
                  | 0.26-a0-1040-gbe3abf3417
 21614 | Lair:3   | Slain by a blink frog

Illustrated notes

Levels and vault maps discovered:
D:1:      minmay_arrival_loop, layout_basic, chequers_serial_rivers_small_3,
          chequers_avenue, minmay_tromino_v2
D:2:      layout_basic, trog_hazing_becter
D:3:      layout_rooms, tso_metal_star, gammafunk_ghost_grave,
          portal_sewer_entry_f, chequers_ecumenical_altar_island,
          minmay_pentangle
D:4:      layout_basic, minmay_temple_entry_gardened_gates,
          ebering_ghost_sewer_d, kennysheep_okawaru_gauntlet, uniq_ijyb
D:5:      layout_basic, lemuel_zombie_altar_kikubaaqudgha, basic_altar,
          nrook_loot_triangle, uniq_duvessa, uniq_pikel, uniq_blork_the_orc
D:6:      layout_rooms, overflow_temple_1_default,
          nicolae_overflow_crystal_walls, nicolae_water_bricks, uniq_edmund,
          uniq_sigmund
D:7:      layout_gridville, elyvilon_altar_5, nicolae_ru_sacrificial_ziggurat,
          gammafunk_temple_overflow_elements, grunt_ministairs_4,
          minmay_door_square
D:8:      layout_basic, grunt_qazlal_clouds, lemuel_blue_sif_altar, basic_altar,
          minmay_manual_monstrance
D:9:      layout_cave_pods, dpeg_lair_monsters, hangedman_decor_points,
          uniq_erolcha
D:10:     layout_loops_corners
Temple:   nicolae_temple_hex_pool
Lair:1:   layout_cave_pods, chequers_serial_rivers_room_b, lemuel_centaur_altar,
          lemuel_fruit_tree
Lair:2:   layout_regular_city, swamp_mist, spider_nest_entry_web_field,
          grunt_forest_stairs_basic, grunt_forest_small_clearings,
          serial_bayou_shore_b, grunt_megastairs_5
Lair:3:   layout_chaotic_city, chequers_serial_rivers_room_b,
          beast_lair_carwin_3

Skill      XL: |  1  2  3  4  5  6  7  8  9 10 11 12 |
---------------+-------------------------------------+-----
Fighting       | 3 4 5 6 9 |  9.0
Dodging        | 2 3 4 5 7 8 |  8.0
Armour         | 3 |  3.0
Invocations    | 3 4 5 6 8 9 10 | 10.7
Slings         | 1 5 8 11 12 | 12.0
Short Blades   | 2 4 8 |  8.5
Throwing       | 2 |  2.4
Stealth        | 2 5 |  5.0
Shields        | 4 |  4.3
Long Blades    | |  2.7

Action                   |  1- 3 |  4- 6 |  7- 9 | 10-12 || total
-------------------------+-------+-------+-------+-------++-------
Melee: Falchion          |   113 |   208 |   116 |    28 ||   465
       Dagger            |       |    16 |     5 |   280 ||   301
 Fire: Hunting sling     |       |     1 |   512 |   905 ||  1418
Throw: Dart              |       |     6 |       |     5 ||    11
       Boomerang         |       |     3 |       |       ||     3
       Stone             |       |     1 |       |       ||     1
Invok: Bend Space        |       |       |    57 |    58 ||   115
       Banish            |       |       |     3 |    14 ||    17
  Use: Scroll            |       |     4 |     2 |     3 ||     9
       Potion            |       |     1 |     1 |     1 ||     3
 Stab: Invisible         |       |     2 |     2 |       ||     4
Armor: Leather armour    |    18 |       |       |       ||    18
       Scale mail        |    12 |   102 |    87 |   126 ||   327
Dodge: Dodged            |    88 |   192 |   217 |   430 ||   927
Block: Buckler           |       |       |       |    30 ||    30
       Rpst.: Falchion   |    20 |    54 |    27 |     8 ||   109

Table legend: (Time is in decaauts)
 A = Elapsed time spent in this place.
 B = Non-inter-level travel time spent in this place.
 C = Inter-level travel time spent in this place.
 D = Time resting spent in this place.
 E = Time spent auto-exploring this place.
 F = Levels seen in this place.
 G = Mean time per level.
                   A        B        C        D        E       F      G
               +--------+--------+--------+--------+--------+-----+--------+
         Total |  21165 |  20818 |    347 |   3136 |  13487 |  16 | 1322.8 |
       Dungeon |  16443 |  16164 |    279 |   2223 |  10678 |  10 | 1644.3 |
        Temple |    104 |    104 |      0 |    103 |      0 |   1 |  104.0 |
          Lair |   4305 |   4238 |     67 |    775 |   2735 |   3 | 1435.0 |
         Abyss |     62 |     62 |      0 |      0 |      0 |   1 |   62.0 |
         Sewer |    249 |    249 |      0 |     34 |     73 |   1 |  249.0 |
               +--------+--------+--------+--------+--------+-----+--------+

Top non-repeatable levels by time:
  Lair:1: 2604 daAuts
     D:5: 2536 daAuts
     D:9: 2079 daAuts
     D:4: 2069 daAuts
     D:6: 1782 daAuts
     D:8: 1565 daAuts
  Lair:2: 1517 daAuts
     D:2: 1498 daAuts
     D:1: 1479 daAuts
     D:7: 1253 daAuts
    D:10: 1157 daAuts
     D:3: 1022 daAuts
   Sewer: 249 daAuts
  Lair:3: 184 daAuts
  Temple: 104 daAuts
